 Dungeon Crawl Stone Soup version 0.23.1-37-gaa34b87 (webtiles) character file.

Game seed: 1574871006469250084

32517 LemonMan the Carver (level 14, -1/109 HPs)
             Began as a Human Fighter on Mar 27, 2019.
             Was the Champion of Elyvilon.
             Killed from afar by an ogre mage (45 damage)
             ... with a crystal spear
             ... on level 12 of the Dungeon.
             The game lasted 01:36:10 (21542 turns).

LemonMan the Carver (Human Fighter)                Turns: 21542, Time: 01:36:12

Health: -1/109     AC: 19    Str: 20    XL:     14   Next: 3%
Magic:  18/18      EV:  9    Int: 13    God:    Elyvilon [******]
Gold:   897        SH: 12    Dex: 13    Spells: 13/13 levels left

rFire    + + .     SeeInvis .   h - +1 scimitar
rCold    + + .     Gourm    .   c - +0 shield
rNeg     . . .     Faith    .   T - +3 chain mail
rPois    .         Spirit   .   (no helmet)
rElec    .         Reflect  .   F - scarf {rC+ rF+}
rCorr    .         Harm     .   (no gloves)
MR       +....                  L - +3 pair of boots of Temperance {Int+3}
Stlth    ..........             s - amulet of regeneration
HPRegen  0.68/turn              p - ring of protection from fire
MPRegen  0.16/turn              U - ring of protection from cold

@: no status effects
A: no striking features
a: Lesser Healing, Heal Other, Purification, Greater Healing, Divine Vigour,
Divine Protection, Renounce Religion


You were on level 12 of the Dungeon.
You worshipped Elyvilon.
Elyvilon was exalted by your worship.
You were hungry.

You visited 3 branches of the dungeon, and saw 19 of its levels.

You collected 897 gold pieces.

Inventory:

Hand Weapons
 a - a +0 long sword
 d - a +0 falchion
 h - a +1 scimitar (weapon)
 P - a +1 short sword of venom
 S - a +1 short sword of venom
Armour
 c - a +0 shield (worn)
 j - a +0 plate armour
 u - a +0 cloak
 w - a +0 large shield
 y - a +0 chain mail
 C - a +0 troll leather armour
 F - a scarf of resistance (worn)
 L - the +3 pair of boots of Temperance (worn) {Int+3}
   (You found it on level 2 of the Lair of Beasts)

   It affects your intelligence (+3).
 Q - a +0 chain mail of cold resistance
 R - a +0 scale mail of magic resistance
 T - a +3 chain mail (worn)
Jewellery
 e - an uncursed amulet of the gourmand
 m - an uncursed amulet of magic regeneration
 p - a ring of protection from fire (left hand)
 q - an uncursed ring of wizardry
 s - an amulet of regeneration (around neck)
 K - an uncursed ring of resist corrosion
 M - a +4 ring of intelligence
 U - a ring of protection from cold (right hand)
 Y - an uncursed ring of positive energy
Wands
 D - a wand of digging (3)
 J - a wand of flame (33)
Scrolls
 k - 4 scrolls of teleportation
 n - a scroll of fear
 o - 6 scrolls of remove curse
 v - a scroll of enchant weapon
 E - a scroll of enchant armour {unknown}
 W - 3 scrolls of blinking
 X - a scroll of acquirement {unknown}
 Z - 2 scrolls of magic mapping {unknown}
Potions
 g - 3 potions of magic
 r - 2 potions of brilliance
 z - a potion of haste
 A - 3 potions of agility {unknown}
 I - 8 potions of curing
 O - 2 potions of cancellation {unknown}
Miscellaneous
 x - a fan of gales
 H - a box of beasts
Comestibles
 f - 22 rations


   Skills:
 + Level 9.7 Fighting
 + Level 13.6 Long Blades
 + Level 10.5 Armour
 + Level 4.4 Dodging
 - Level 0.7 Stealth
 + Level 10.6 Shields
 - Level 6.0 Invocations


You had 13 spell levels left.
You didn't know any spells.
Your spell library contained the following spells:

 Spells                   Type           Power        Failure   Level  Hunger
 Beastly Appendage        Tmut           #.....       98%         1    ##.....
 Flame Tongue             Conj/Fire      #....        98%         1    ##.....
 Summon Small Mammal      Summ           #...         98%         1    ##.....
 Call Imp                 Summ           #.......     99%         2    ###....
 Sticks to Snakes         Tmut           #.......     99%         2    ###....
 Throw Flame              Conj/Fire      #.....       99%         2    ###....
 Call Canine Familiar     Summ           #.......     100%        3    ####...
 Conjure Flame            Conj/Fire      #.......     100%        3    ####...
 Inner Flame              Hex/Fire       #.......     100%        3    ####...
 Spider Form              Tmut/Pois      #.........   100%        3    ####...
 Summon Guardian Golem    Hex/Summ       #.......     100%        3    ####...
 Ice Form                 Ice/Tmut       #.......     100%        4    #####..
 Sticky Flame             Conj/Fire      #.......     100%        4    #####..
 Summon Ice Beast         Ice/Summ       #.......     100%        4    #####..
 Summon Lightning Spire   Summ/Air       #.......     100%        4    #####..
 Blade Hands              Tmut           #.........   100%        5    ######.
 Fireball                 Conj/Fire      #.........   100%        5    ######.


Dungeon Overview and Level Annotations

Branches:
Dungeon (12/15)            Temple (1/1) D:6            Lair (6/6) D:8
 Shoals (0/4) Lair:3        Snake (0/4) Lair:2        Slime (0/5) Lair:5
    Orc (0/2) D:11

Altars:
Ashenzari
Cheibriados
Dithmenos
Elyvilon
Fedhas
Gozag
Hepliaklqana
Kikubaaqudgha
Makhleb
Nemelex Xobeh
Okawaru
Qazlal
Ru
Sif Muna
Trog
Uskayaw
Vehumet
Wu Jian
Xom
Yredelemnul
Zin
The Shining One

Shops:
D:5 =   D:11 !

Annotations:
D:10 3 runed translucent doors, Terandir's ghost, novice MiFi
Lair:5 1 runed translucent door, exclusion: oklob plant


Message History

The ogre mage gestures at you while chanting.
The bolt of fire hits you. You resist.
You hit the ogre mage.
The ogre mage is heavily wounded.
You barely miss the ogre mage.
The ogre mage is heavily wounded.
You block the ogre mage's attack.
You hit the ogre mage.
The ogre mage is heavily wounded.
The ogre mage hits you with a +0 flail of holy wrath!
You hit the ogre mage.
The ogre mage is severely wounded.
You slash the ogre mage!
The ogre mage is almost dead.
The ogre mage hits you but does no damage.
You hit the ogre mage.
The ogre mage is almost dead.
The ogre mage points at you and mumbles some strange words.
The crystal spear hits you!!!
You die... #.. ################ ... ................ .OOO

########.....##≈ ....
#.....#≈≈ ....#### #.######≈
.####...############.#######
>.......')O@...##...........
........######.##.....#####.
........# #.##.....# #.
......### #.##.....# #.
%..... #.##.....# #. .....
#[##.....# #. .....
#[##.....#####. .###
#########.#####+#......
.............(..#.#####


You could see an ogre mage.

Vanquished Creatures
  Fannar (D:10)
  Harold (D:10)
  4 two-headed ogres
  A lindwurm (Lair:4)
  An ugly thing (D:12)
  A deep elf mage (D:10)
  A cyclops (D:12)
  7 elephants
  A merfolk siren (Lair:3)
  2 black mambas
  A centaur skeleton (D:12)
  7 spiny frogs
  A rime drake (Lair:4)
  2 gargoyles
  2 kobold demonologists (D:10)
  A komodo dragon (Lair:1)
  3 trolls (D:10)
  3 hornets (D:9)
  Grinder (D:3)
  7 dream sheep
  8 hippogriffs
  5 blink frogs (Lair:5)
  A wyvern (Lair:5)
  18 yaks
  A basilisk (Lair:2)
  2 spriggans (Lair:1)
  A hungry ghost (D:9)
  5 nagas (Lair:2)
  14 water moccasins
  A warg (D:11)
  7 porcupines
  An ice beast (D:12)
  4 orc warriors
  A black bear (D:9)
  A hornet zombie (D:11)
  2 sky beasts
  7 ogres
  2 phantoms
  4 wolves (Lair:2)
  5 centaurs
  18 crocodiles
  7 big kobolds
  12 bullfrogs
  A gnoll sergeant (D:8)
  3 scorpions
  7 wights
  10 killer bees
  2 crimson imps
  A bullfrog zombie (D:7)
  5 orc priests
  3 jellies
  3 centaur zombies
  5 hounds
  3 bullfrog skeletons
  2 iguanas
  9 orc wizards
  8 worker ants
  A killer bee zombie (D:8)
  2 hound skeletons
  A worker ant zombie (D:10)
  9 gnolls
  14 adders
  A shadow imp (D:10)
  3 oozes
  An adder skeleton (D:7)
  2 worms (D:3)
  A leopard gecko (D:3)
  38 orcs
  5 giant cockroaches
  11 goblins
  20 hobgoblins
  9 jackals
  2 quokkas
  2 ball pythons
  9 bats
  3 frilled lizards
  21 kobolds
  8 rats
  A fungus (Lair:5)
401 creatures vanquished.

Vanquished Creatures (others)
  3 fungi
  5 plants
8 creatures vanquished.

Grand Total: 409 creatures vanquished

Notes
Turn   | Place    | Note
-------+----------+-------------------------------------------
     0 | D:1      | LemonMan the Human Fighter began the quest for the Orb.
     0 | D:1      | Reached XP level 1. HP: 18/18 MP: 1/1
    41 | D:1      | Reached XP level 2. HP: 11/24 MP: 2/2
   383 | D:1      | Reached XP level 3. HP: 29/29 MP: 3/3
   819 | D:2      | Reached XP level 4. HP: 29/35 MP: 4/4
  1060 | D:2      | Reached skill level 3 in Long Blades
  1658 | D:3      | Reached XP level 5. HP: 30/41 MP: 5/5
  1697 | D:3      | Found an ancient bone altar of Kikubaaqudgha.
  1922 | D:3      | Found an iron altar of Okawaru.
  2000 | D:3      | Noticed Grinder
  2018 | D:3      | Paralysed by Grinder for 5 turns
  2028 | D:3      | Killed Grinder
  2028 | D:3      | Reached skill level 4 in Long Blades
  2028 | D:3      | Reached skill level 1 in Dodging
  2028 | D:3      | Reached XP level 6. HP: 47/47 MP: 6/6
  2054 | D:3      | Found a blossoming altar of Fedhas.
  2622 | D:4      | Found a basalt altar of Yredelemnul.
  2836 | D:4      | Found a shadowy altar of Dithmenos.
  3047 | D:5      | Entered Level 5 of the Dungeon
  3047 | D:5      | Noticed a hippogriff
  3052 | D:5      | Killed a hippogriff
  3052 | D:5      | Reached XP level 7. HP: 35/53 MP: 7/7
  3331 | D:5      | Reached skill level 5 in Long Blades
  3584 | D:5      | Reached XP level 8. HP: 57/60 MP: 8/8
  3908 | D:5      | Found Fidi's Jewellery Shoppe.
  3919 | D:5      | Reached skill level 5 in Shields
  4043 | D:5      | Found a white marble altar of Elyvilon.
  4046 | D:5      | Became a worshipper of Elyvilon the Healer
  4484 | D:6      | Reached skill level 5 in Armour
  4782 | D:6      | Reached * piety under Elyvilon
  4923 | D:6      | Found a staircase to the Ecumenical Temple.
  4928 | Temple   | Entered the Ecumenical Temple
  5369 | D:7      | Reached skill level 6 in Long Blades
  5636 | D:7      | Reached XP level 9. HP: 36/66 MP: 9/9
  6009 | D:7      | Found an ancient bone altar of Kikubaaqudgha.
  6201 | D:7      | Reached skill level 7 in Long Blades
  6377 | D:7      | Reached ** piety under Elyvilon
  7312 | D:8      | Found a staircase to the Lair.
  8346 | Lair:1   | Entered Level 1 of the Lair of Beasts
  8421 | Lair:1   | Noticed a hippogriff
  8445 | Lair:1   | Killed a hippogriff
  8658 | Lair:1   | Noticed a spiny frog
  8664 | Lair:1   | Noticed a hippogriff
  8707 | D:8      | HP: 5/100 [spiny frog (12)]
  8712 | D:8      | HP: 3/100 [spiny frog (4)]
  8719 | D:8      | Killed a spiny frog
  8719 | D:8      | Reached XP level 10. HP: 19/73 MP: 3/13
  9273 | D:9      | Reached skill level 5 in Invocations
  9350 | D:9      | Found an ornate altar of the Wu Jian Council.
  9687 | D:9      | Reached skill level 5 in Fighting
  9687 | D:9      | Reached skill level 8 in Long Blades
  9708 | D:9      | Reached *** piety under Elyvilon
  9913 | D:9      | Found a hide-covered altar of Uskayaw.
 10130 | D:9      | Noticed a two-headed ogre
 10380 | Lair:1   | Noticed a spiny frog
 10799 | D:8      | Killed a spiny frog
 10799 | D:8      | Reached skill level 9 in Long Blades
 11239 | Lair:1   | Noticed a spiny frog
 11250 | Lair:1   | Killed a spiny frog
 11250 | Lair:1   | Reached XP level 11. HP: 52/81 MP: 15/15
 12293 | Lair:2   | Reached skill level 10 in Long Blades
 12387 | Lair:2   | Got a pair of pitted boots
 12393 | Lair:2   | Identified the +3 pair of boots of Temperance {Int+3} (You
                  | found it on level 2 of the Lair of Beasts)
 12481 | Lair:2   | Reached **** piety under Elyvilon
 12971 | Lair:2   | Found a staircase to the Snake Pit.
 13785 | Lair:3   | Noticed an elephant
 13785 | Lair:3   | Noticed an elephant
 13785 | Lair:3   | Noticed an elephant
 13785 | Lair:3   | Noticed an elephant
 13842 | Lair:2   | Killed an elephant
 14156 | Lair:3   | Killed an elephant
 14239 | Lair:3   | Reached XP level 12. HP: 86/91 MP: 16/16
 14383 | Lair:3   | Reached skill level 11 in Long Blades
 14680 | Lair:3   | Found a staircase to the Shoals.
 14848 | Lair:4   | Noticed a five-headed hydra
 15211 | D:10     | Entered Level 10 of the Dungeon
 15378 | D:10     | Reached ***** piety under Elyvilon
 15392 | D:10     | Found a runed translucent gate.
 15392 | D:10     | Found a runed translucent gate.
 15392 | D:10     | Found a runed translucent gate.
 15393 | D:10     | Noticed Terandir's ghost (novice MiFi)
 15489 | D:9      | Killed a two-headed ogre
 15674 | D:9      | Paralysed by a hornet for 3 turns
 15688 | D:9      | Paralysed by a hornet for 2 turns
 15933 | D:9      | Found an ornate altar of the Wu Jian Council.
 16009 | D:10     | Noticed a two-headed ogre
 16016 | D:10     | Killed a two-headed ogre
 16016 | D:10     | Reached skill level 12 in Long Blades
 16043 | D:10     | Noticed Harold
 16055 | D:10     | Killed Harold
 16361 | D:10     | Noticed Fannar
 16594 | D:11     | Reached XP level 13. HP: 85/99 MP: 17/17
 16900 | D:11     | Identified the +7 dagger of Ryiruv {drain, *Contam rN+++
                  | Str+4}
 17389 | Lair:4   | Pacified a five-headed hydra
 17724 | Lair:4   | Noticed a six-headed hydra
 17727 | Lair:4   | Pacified a six-headed hydra
 17927 | Lair:3   | Reached skill level 10 in Armour
 18202 | Lair:4   | Reached skill level 13 in Long Blades
 18695 | Lair:5   | Reached skill level 10 in Shields
 18928 | Lair:5   | Found a runed translucent door.
 18983 | Lair:5   | Found a glowing golden altar of the Shining One.
 19070 | Lair:5   | Found a staircase to the Slime Pits.
 19698 | Lair:5   | Noticed an eight-headed hydra
 19728 | Lair:6   | Entered Level 6 of the Lair of Beasts
 20069 | D:10     | Killed Fannar
 20245 | D:11     | Found Awnutyesch's Distillery.
 20387 | D:11     | Found a staircase to the Orcish Mines.
 21378 | D:12     | Reached ****** piety under Elyvilon
 21513 | D:12     | Reached XP level 14. HP: 63/109 MP: 18/18
 21542 | D:12     | Killed from afar by an ogre mage

Skill      XL: |  1  2  3  4  5  6  7  8  9 10 11 12 13 |
---------------+----------------------------------------+-----
Long Blades    | 3 4 5 6 7 9 10 12 13 | 13.6
Armour         | 4 5 6 7 8 9 10 | 10.5
Dodging        | 1 2 3 4 |  4.4
Shields        | 4 5 6 7 8 9 10 | 10.6
Fighting       | 4 5 7 8 9 |  9.7
Invocations    | 4 6 |  6.0
Stealth        | |  0.7

Action                   |  1- 3 |  4- 6 |  7- 9 | 10-12 | 13-15 || total
-------------------------+-------+-------+-------+-------+-------++-------
Melee: Long sword        |    93 |   198 |   491 |    36 |       ||   818
       Falchion          |       |       |    86 |       |    25 ||   111
       Scimitar          |       |       |       |   939 |   705 ||  1644
       Short sword       |       |       |       |       |    37 ||    37
Invok: Lesser Healing    |       |       |    18 |     2 |       ||    20
       Purification      |       |       |       |     3 |       ||     3
       Greater Healing   |       |       |       |     3 |       ||     3
       Heal Other        |       |       |       |       |     3 ||     3
Evoke: Wand              |       |       |       |    10 |     1 ||    11
       Box of beasts     |       |       |       |     1 |       ||     1
  Use: Scroll            |       |     7 |     6 |    12 |     2 ||    27
       Potion            |       |     5 |    11 |     5 |       ||    21
 Stab: Invisible         |       |     1 |     1 |     1 |       ||     3
  Eat: Chunk             |       |     4 |    10 |    15 |    10 ||    39
       Ration            |       |     1 |     4 |     7 |     2 ||    14
Armor: Scale mail        |    38 |    98 |    24 |       |       ||   160
       Skin              |       |    16 |     8 |     6 |       ||    30
       Chain mail        |       |       |   299 |    20 |   245 ||   564
       Plate armour      |       |       |       |   402 |    23 ||   425
Dodge: Dodged            |    29 |    76 |   207 |   186 |   180 ||   678
Block: Shield            |    44 |   137 |   401 |   453 |   348 ||  1383
       Large shield      |       |       |       |       |    48 ||    48
       Rpst.: Long sword |     8 |    23 |    41 |     1 |       ||    73
       Falchion          |       |       |     6 |       |     6 ||    12
       Scimitar          |       |       |       |    59 |    41 ||   100
